 Dungeon Crawl Stone Soup version 0.22-a0-580-gd5db89c09a (webtiles) character file.

1238 Gynju the Cudgeler (level 8, -5/71 HPs)
             Began as a Minotaur Berserker on July 3, 2018.
             Was a Priest of Trog.
             Slain by a wight
             ... wielding a +3 spear of freezing
              (8 damage)
             ... on level 6 of the Dungeon.
             The game lasted 00:07:53 (5279 turns).

Gynju the Cudgeler (Minotaur Berserker)             Turns: 5279, Time: 00:07:54

Health: -5/71      AC:  7    Str: 25    XL:     8   Next: 25%
Magic:  7/7        EV: 12    Int:  7    God:    Trog [***...]
Gold:   281        SH:  0    Dex:  9    Spells: 7/7 levels left

rFire    . . .     SeeInvis .   j - +1 mace (protect)
rCold    . . .     Gourm    .   (no shield)
rNeg     . . .     Faith    .   B - +1 ring mail "Bunyn" {*Slow rElec Int+3 Stlth+}
rPois    .         Spirit   .   (helmet restricted)
rElec    +         Reflect  .   (no cloak)
rCorr    .         Harm     .   (no gloves)
MR       .....                  (no boots)
Stlth    +.........             (no amulet)
HPRegen  0.21/turn              (no ring)
MPRegen  0.10/turn              (no ring)

@: berserk cooldown, slowed, heavily drained, very slow
A: retaliatory headbutt, horns 2
a: Berserk, Trog's Hand, Renounce Religion


You were on level 6 of the Dungeon.
You worshipped Trog.
Trog was most pleased with you.
You were very hungry.

You visited 1 branch of the dungeon, and saw 6 of its levels.

You collected 281 gold pieces.

Inventory:

Hand Weapons
 a - a +0 mace
 j - a +1 mace of protection (weapon)
Armour
 k - a +0 chain mail
 B - the +1 ring mail "Bunyn" (worn) {*Slow rElec Int+3 Stlth+}
   (You found it on level 5 of the Dungeon)

   It affects your intelligence (+3).
   It insulates you from electricity.
   It may slow you when you take damage.
   It makes you more stealthy.
Jewellery
 m - a cursed -2 ring of dexterity {unknown}
 w - a cursed ring of loudness {unknown}
 x - an uncursed ring of ice {unknown}
 C - a +5 ring of intelligence {unknown}
 E - an uncursed amulet of guardian spirit {unknown}
Wands
 f - a wand of flame (48)
 t - a wand of iceblast (12)
Scrolls
 b - 3 scrolls of enchant armour {unknown}
 d - 5 scrolls of identify {unknown}
 h - a scroll of fear {unknown}
 n - 2 scrolls of fog {unknown}
 p - 6 scrolls of enchant weapon {unknown}
 q - 2 scrolls of immolation {unknown}
 r - 2 scrolls of remove curse {unknown}
 v - a scroll of amnesia {unknown}
 y - 3 scrolls of teleportation {unknown}
 D - a scroll of blinking {unknown}
Potions
 e - 2 potions of agility {unknown}
 g - a potion of might {unknown}
 i - a potion of curing {unknown}
 l - 2 potions of berserk rage {unknown}
 o - a potion of flight {unknown}
 s - a potion of mutation {unknown}
 u - a potion of degeneration {unknown}
 z - a potion of heal wounds {unknown}
 A - a potion of invisibility {unknown}
 G - a potion of brilliance {unknown}
Comestibles
 c - 15 rations
 F - 3 chunks of flesh


   Skills:
 + Level 6.9(5.3) Fighting
 + Level 7.0(5.3) Maces & Flails
 + Level 6.4(4.8) Armour
 + Level 5.8(4.2) Dodging


You had 7 spell levels left.
You didn't know any spells.
Your spell library was empty.

Dungeon Overview and Level Annotations

Branches:
Dungeon (6/15)             Temple (0/1) D:4

Altars:
Gozag
Nemelex Xobeh
Okawaru
Uskayaw
Vehumet
Wu Jian
The Shining One

Shops:
D:4 (   D:5 [


Innate Abilities, Weirdness & Mutations

You reflexively headbutt those who attack you in melee.
You have a pair of horns on your head.


Message History

You hit the wight. Your headbutt misses the wight.
The wight is heavily damaged.
You feel sick.
The wight hits you but does no damage. x2
You completely miss the wight.
The wight is heavily damaged.
The wight hits you but does no damage. x2
The wight hits you from afar with a spear of freezing.
* * * LOW HITPOINT WARNING * * *
You feel drained.
* * * LOW HITPOINT WARNING * * *
The wight freezes you.
* * * LOW HITPOINT WARNING * * *
The wight closely misses you. You furiously retaliate!
You headbutt the wight. You completely miss the wight.
The wight is almost destroyed.
You feel sick.
You are no longer poisoned.
The wight hits you but does no damage. The wight closely misses you.
The wight hits you from afar with a spear of freezing!
You die...

#)...##### #.######.. #.#
##..# #.# ##..##
########.###..## #
#.........<..## ###.###
#.##.[.#######
......z##.#..#########
.......z@.†..........####
.......##.##########....[
#...... ### ######
.....## .#../ ##. . ..


You could see 2 wights.

Vanquished Creatures
  2 phantoms
  An ogre (D:6)
  A centaur (D:5)
  3 wights (D:6)
  A bullfrog zombie (D:5)
  3 hounds
  2 orc priests
  2 orc wizards
  A centaur skeleton (D:6)
  Terence (D:2)
  Ijyb (D:3)
  Natasha (thrice) (D:3)
  5 worker ants
  A hound skeleton (D:4)
  A howler monkey zombie (D:6)
  A worker ant zombie (D:6)
  7 gnolls
  4 adders
  A shadow imp (D:5)
  An adder skeleton (D:4)
  2 worms
  A dart slug (D:3)
  7 leopard geckos
  15 orcs
  4 giant cockroaches
  10 goblins
  10 hobgoblins
  2 jackals (D:6)
  A quokka (D:2)
  2 ball pythons
  8 bats
  7 frilled lizards
  7 kobolds
  4 rats
122 creatures vanquished.

Notes
Turn   | Place    | Note
-------+----------+-------------------------------------------
     0 | D:1      | Gynju the Minotaur Berserker began the quest for the Orb.
     0 | D:1      | Reached XP level 1. HP: 19/19 MP: 0/0
   127 | D:1      | Reached XP level 2. HP: 21/27 MP: 1/1
   543 | D:1      | Found a sparkling altar of Nemelex Xobeh.
   604 | D:2      | Found an opulent altar of Gozag.
   710 | D:2      | Noticed Terence
   732 | D:2      | Reached skill level 4 in Maces & Flails
   956 | D:2      | Killed Terence
   956 | D:2      | Reached XP level 3. HP: 31/33 MP: 2/2
  1015 | D:2      | Reached ** piety under Trog
  1187 | D:2      | Reached XP level 4. HP: 39/40 MP: 3/3
  1760 | D:3      | Noticed Ijyb
  1770 | D:3      | Killed Ijyb
  1770 | D:3      | Reached XP level 5. HP: 39/47 MP: 4/4
  2117 | D:3      | Found a hide-covered altar of Uskayaw.
  2242 | D:3      | Noticed Natasha
  2255 | D:3      | Killed Natasha
  2255 | D:3      | Reached skill level 5 in Fighting
  2255 | D:3      | Reached skill level 5 in Maces & Flails
  2424 | D:3      | Found an ornate altar of the Wu Jian Council.
  2587 | D:3      | Noticed Natasha
  2594 | D:3      | Killed Natasha
  2901 | D:3      | Noticed Natasha
  2906 | D:3      | Killed Natasha
  2906 | D:3      | Reached XP level 6. HP: 41/56 MP: 5/5
  3125 | D:4      | Found Xaojor's Antique Weapon Boutique.
  3202 | D:4      | Found a staircase to the Ecumenical Temple.
  3307 | D:4      | Reached *** piety under Trog
  3370 | D:4      | Reached skill level 5 in Armour
  3461 | D:4      | Reached XP level 7. HP: 62/62 MP: 6/6
  3919 | D:5      | Entered Level 5 of the Dungeon
  3921 | D:5      | Found an iron altar of Okawaru.
  4121 | D:5      | Found Luce Toe's Antique Armour Emporium.
  4137 | D:5      | Reached skill level 6 in Maces & Flails
  4235 | D:5      | Found a radiant altar of Vehumet.
  4248 | D:5      | Reached skill level 5 in Dodging
  4595 | D:5      | Got a faintly humming ring mail
  4606 | D:5      | Identified the +1 ring mail "Bunyn" {*Slow rElec Int+3 Stlth+} (You found it on level 5 of the Dungeon)
  4771 | D:5      | Found a glowing golden altar of the Shining One.
  5246 | D:6      | Reached XP level 8. HP: 62/71 MP: 7/7
  5271 | D:6      | Reached skill level 7 in Maces & Flails
  5279 | D:6      | HP: 3/71 [poisoned by a worker ant]
  5279 | D:6      | Slain by a wight

Vault maps used:
D:1:      matt_arrival_refuge, nemelex_diamond_rough_becter
D:2:      grunt_gozag_statues, uniq_terence
D:3:      lemuel_round_altar, lemuel_coloured_pillars_altar, uniq_natasha,
          uniq_ijyb
D:4:      minmay_temple_entry_enclosed_plants, serial_shops, shop, first_ration,
          st_stairs_13, minmay_bisected
D:5:      tso_oasis_becter, marbit_many_paths, serial_shops, kennysheep_mini,
          corner_web_ring, okawaru_metal_pillars_1_2
D:6:      minmay_misc_feat_rows, hangedman_abyss_or_decor_stagger

Skill      XL: |  1  2  3  4  5  6  7  8 |
---------------+-------------------------+-----
Fighting       | 4 5 6 |  6.9
Maces & Flails | 4 5 6 7 |  7.0
Armour         | 3 4 5 6 |  6.4
Dodging        | 3 4 5 |  5.8

Action                   |  1- 3 |  4- 6 |  7- 9 || total
-------------------------+-------+-------+-------++-------
Melee: Mace              |    78 |   142 |   129 ||   349
       Headbutt          |    11 |    23 |    27 ||    61
Invok: Berserk           |     1 |     1 |     1 ||     3
       Trog's Hand       |       |       |     1 ||     1
 Stab: Sleeping          |     1 |       |       ||     1
  Eat: Chunk             |     2 |     8 |     6 ||    16
Armor: Animal skin       |    15 |       |       ||    15
       Chain mail        |    19 |    86 |    29 ||   134
       Ring mail         |       |       |    43 ||    43
Dodge: Dodged            |    58 |    78 |    83 ||   219

Table legend:
 A = Spawn XP
 B = Non-spawn XP
 C = Spawn XP percentage of total XP
 D = Spawn monster count
 E = Non-spawn monster count
 F = Spawn count percentage of total count
 G = Total turns spent on level
                    A         B        C        D         E        F      G
               +---------+---------+-------+---------+---------+-------+---------
         Total |       0 |    1769 |   0.0 |       0 |     122 |   0.0 |  5279
               +---------+---------+-------+---------+---------+-------+---------
           D:1 |       0 |      28 |   0.0 |       0 |      18 |   0.0 |   813
           D:2 |       0 |     100 |   0.0 |       0 |      30 |   0.0 |   771
           D:3 |       0 |     282 |   0.0 |       0 |      27 |   0.0 |  1348
           D:4 |       0 |     340 |   0.0 |       0 |      15 |   0.0 |   987
           D:5 |       0 |     458 |   0.0 |       0 |      17 |   0.0 |   993
           D:6 |       0 |     561 |   0.0 |       0 |      15 |   0.0 |   367
               +---------+---------+-------+---------+---------+-------+---------
